cohdb
Replays
Latest Replays
All Replays
Popular Replays
Top Player Replays
Match Explorer
How It Works
Community
CoH3 Stats
Reddit
Sign in to upload your games and track your stats! →
Sign in with Steam
Match 38656476
Unlisted
Match 38656476
Overview
Messages
Build Orders
End
Construct Infanterie Kompanie
Kettenkrad Recon Vehicle
Grenadier Squad
MG 42 Machine Gun Team
Grenadier Squad
Construct Panzergrenadier Kompanie
Panzergrenadier Squad
Medical Bunker
Pak 40 Anti-tank Gun Team
Panzergrenadier Squad
Construct Panzer Kompanie
Panzer IV Medium Tank
Stoßtruppen Squad
Selects Mechanized Battlegroup
Selects Raid Package
Selects StuG Assault Group
Selects UNKNOWN (2160084)
Selects Mobile Repair Stations
Selects Stoßtruppen Assault Package
Selects Mechanized Assault
Panther Heavy Tank
Mechanized Assault
Pioneer Squad
Side Skirts
엉덩이
『BlackBear』
0
0
Comments
sign in to comment!
No comments posted yet!